 Dungeon Crawl Stone Soup version 0.27-a0-1140-g099f9bb0e8 (webtiles) character file.

Game seed: 5885924684180864545

149 Ijustatesigmund the Ducker (level 5, 0/37 HPs)
             Began as an Octopode Fighter on May 10, 2021.
             Slain by Pikel
             ... wielding a +2 whip of flaming
              (2 damage)
             ... on level 3 of the Dungeon.
             The game lasted 00:03:57 (4238 turns).

Ijustatesigmund the Ducker (Octopode Fighter)       Turns: 4238, Time: 00:03:58

Health: 0/37       AC:  1    Str: 13    XL:     5   Next: 31%
Magic:  5/5        EV: 11    Int: 11    God:
Gold:   140        SH:  8    Dex: 12    Spells: 4/4 levels left

rFire    . . .     SeeInvis .   a - +0 war axe
rCold    . . .     Faith    .   b - +0 kite shield
rNeg     . . .     Spirit   .   (helmet restricted)
rPois    .         Reflect  .   (no amulet)
rElec    .         Harm     .   (no ring)
rCorr    .         Rampage  .   (no ring)
Will     .....                  (no ring)
Stlth    ++........             (no ring)
HPRegen  0.12/turn              (no ring)
MPRegen  0.09/turn              (no ring)
                                (no ring)
                                (no ring)

@: mighty
A: almost no armour, amphibious, 8 rings, camouflage 1, gelatinous body 1,
(nimble swimmer 1), tentacles, weak 1, MP-powered wands
a: no special abilities


You were on level 3 of the Dungeon.
You visited 1 branch of the dungeon, and saw 4 of its levels.

You collected 140 gold pieces.

Inventory:

Hand Weapons
 a - a +0 war axe (weapon)
 f - a +4 morningstar
Armour
 b - a +0 kite shield (worn)
Jewellery
 g - a +4 ring of evasion
Scrolls
 e - a scroll of identify
 i - a scroll of amnesia
Potions
 c - a potion of might
 d - a potion of haste
 h - a potion of invisibility


   Skills:
 + Level 3.7 Fighting
 * Level 3.6 Axes
 + Level 3.7 Dodging
 + Level 3.7 Shields


You had 4 spell levels left.
You didn't know any spells.
Your spell library contained the following spells:

 Spells                   Type           Power      Damage    Failure   Level
 Confusing Touch          Hex            0%         N/A       99%         3
 Gell's Gravitas          Tloc           0%         N/A       99%         3
 Petrify                  Tmut/Erth      0%         N/A       100%        4
 Metabolic Englaciation   Hex/Ice        0%         N/A       100%        5
 Yara's Violent Unravell  Hex/Tmut       0%         3d3       100%        5


Dungeon Overview and Level Annotations

Branches:
Dungeon (4/15)
 Temple: D:4-7

Altars:
Vehumet

Annotations:
D:3 Pikel


Innate Abilities, Weirdness & Mutations

You cannot wear most types of armour.
You are amphibious.
You can wear up to eight rings at the same time.
Your skin changes colour to match your surroundings (Stealth+).
Your rubbery body absorbs attacks. (AC +1, EV +1)
((You are camouflaged near water. (Stealth+)))
You have tentacles for arms and can constrict up to eight enemies at once.
You are weak. (Str -2)
You expend magic power (3 MP) to strengthen your wands.


Message History

There is a stone staircase leading up here.
The gnoll barely misses you.
You climb upwards.
There is a stone staircase leading down, spattered with blood here.
You hit the gnoll. Your grab misses the gnoll. Your squeeze misses the gnoll.
The gnoll is moderately wounded.
You block the gnoll's attack. The gnoll hits you with a +0 spear.
You slash the gnoll! Your grab misses the gnoll.
The gnoll is severely wounded.
You block the gnoll's attack.
You hit the gnoll. You grab the gnoll.
The gnoll is almost dead.
You constrict the gnoll.
You kill the gnoll!
No target in view!
No target in view!
No target in view!
No target in view!
No target in view!
No target in view!
No target in view!
You start resting.
HP restored.
You climb downwards.
Level annotation: Pikel Pikel hits you with a +2 whip of flaming!
Pikel burns you.
There is a stone staircase leading up here.
Pikel hits you with a +2 whip of flaming.
Pikel burns you.
You climb upwards.
There is a stone staircase leading down, spattered with blood here.
You feel very mighty all of a sudden.
Pikel drinks a potion.
Pikel seems to grow stronger.
You slash Pikel! Your grab misses Pikel. You squeeze Pikel!!
Pikel is severely wounded.
Pikel hits you with a +2 whip of flaming!
* * * LOW HITPOINT WARNING * * *
Pikel burns you.
You die...

#.# #.#### #.# ###.#...
#.# #...#... #.#
#...#.). #.# #...#...
#.# #....... #.#
#...#...
#.##############...#...
#....)@....).......#...
#####.K......##....#...
#........##(...#...
#........##....#...
#.......[##........
#..................
#..................
#..................
#######............


You could see Pikel (strong).

Vanquished Creatures
  3 lemures (D:3)
  A gnoll (D:3)
  5 adders
  A worm (D:2)
  9 dart slugs
  7 endoplasms
  2 giant cockroaches
  4 goblins
  5 hobgoblins
  13 jackals
  3 quokkas
  2 ball pythons (D:1)
  2 bats (D:1)
  5 frilled lizards
  5 kobolds
  6 rats
73 creatures vanquished.

Vanquished Creatures (others)
  A withered plant (D:4)
1 creature vanquished.

Grand Total: 74 creatures vanquished

Notes
Turn   | Place    | Note
-------+----------+-------------------------------------------
     0 | D:1      | Ijustatesigmund the Octopode Fighter began the quest for
                  | the Orb.
     0 | D:1      | Reached XP level 1. HP: 16/16 MP: 1/1
   148 | D:1      | Reached XP level 2. HP: 15/21 MP: 2/2
   572 | D:1      | Reached XP level 3. HP: 23/26 MP: 3/3
  1457 | D:2      | Reached XP level 4. HP: 31/31 MP: 4/4
  1901 | D:2      | Found a radiant altar of Vehumet.
  2686 | D:3      | Reached XP level 5. HP: 30/36 MP: 5/5
  2893 | D:3      | Gained mutation: You are weak. (Str -2) [potion of
                  | mutation]
  2893 | D:3      | Gained mutation: You expend magic power (3 MP) to
                  | strengthen your wands. [potion of mutation]
  3562 | D:4      | Noticed a lemure
  3566 | D:4      | Noticed a lemure
  3568 | D:4      | Noticed a lemure
  3576 | D:3      | Killed a lemure
  3850 | D:3      | Killed a lemure
  3922 | D:3      | Killed a lemure
  4120 | D:4      | Noticed Pikel
  4120 | D:4      | Noticed a lemure
  4238 | D:3      | Slain by Pikel

Illustrated notes

Levels and vault maps discovered:
D:1:      shiori_shiawase, layout_basic, grunt_decor_fettered
D:2:      minmay_general_purpose_star, layout_loops_ring, basic_altar
D:3:      kennysheep_slugbush, layout_basic
D:4:      minmay_goblin_kobold_castle, layout_basic, trog_book, serial_undead,
          serial_undead_a, serial_undead_f, serial_undead_d, serial_undead_b,
          chequers_serial_rivers_micro_d, minmay_cut_off, uniq_edmund,
          uniq_pikel

Skill      XL: |  1  2  3 |
---------------+----------+-----
Axes           | 3 |  3.6
Fighting       | |  3.7
Dodging        | |  3.7
Shields        | |  3.7

Action                   |  1- 3 |  4- 6 || total
-------------------------+-------+-------++-------
Melee: War axe           |    67 |    81 ||   148
       Tentacles         |    11 |    12 ||    23
       Constrict         |    15 |    17 ||    32
  Use: Scroll            |       |     6 ||     6
       Potion            |       |     2 ||     2
 Stab: Sleeping          |     3 |     3 ||     6
Armor: Skin              |     4 |     2 ||     6
Dodge: Dodged            |    29 |    40 ||    69
Block: Kite shield       |    32 |    26 ||    58

Table legend: (Time is in decaauts)
 A = Elapsed time spent in this place.
 B = Non-inter-level travel time spent in this place.
 C = Inter-level travel time spent in this place.
 D = Time resting spent in this place.
 E = Time spent auto-exploring this place.
 F = Levels seen in this place.
 G = Mean time per level.
                   A        B        C        D        E       F      G
               +--------+--------+--------+--------+--------+-----+--------+
         Total |   4327 |   4240 |     87 |   1280 |   2475 |   4 | 1081.8 |
       Dungeon |   4327 |   4240 |     87 |   1280 |   2475 |   4 | 1081.8 |
               +--------+--------+--------+--------+--------+-----+--------+

Top non-repeatable levels by time:
     D:3: 1677 daAuts
     D:2: 1363 daAuts
     D:1: 1240 daAuts
     D:4: 44 daAuts
